 Dungeon Sprint DCSS version 0.23.0-28-g6fe0f4d (webtiles) character file.

Game seed: 4413039081269336452

34 Fang the Skirmisher (level 3, 0/24 HPs)
             Began as a Gargoyle Berserker on Feb 25, 2019.
             Was a Priest of Trog.
             Slain by a black bear (1 damage)
             ... while paralysed by a floating eye
             ... in the Dungeon (Sprint VII: "The Pits").
             The game lasted 00:00:35 (412 turns).

Fang the Skirmisher (Gargoyle Berserker)             Turns: 412, Time: 00:00:35

Health: 0/24       AC:  5    Str: 21    XL:     3   Next: 31%
Magic:  3/3        EV:  2    Int:  7    God:    Trog [***...]
Gold:   0          SH:  0    Dex:  9    Spells: 2/2 levels left

rFire    . . .     SeeInvis .   j - +2 hand axe
rCold    . . .     Gourm    .   (no shield)
rNeg     + . .     Faith    .   b - +0 animal skin
rPois    ∞         Spirit   .   (no helmet)
rElec    +         Reflect  .   (no cloak)
rCorr    .         Harm     .   (no gloves)
MR       .....     NoTele   +   (no boots)
Stlth    +.........             (no amulet)
HPRegen  0.08/turn              (no ring)
MPRegen  0.08/turn              (no ring)

@: paralysed
A: negative energy resistance 1, electricity resistance, unbreathing,
petrification resistance, rot immunity, AC +3
a: Berserk, Trog's Hand, Renounce Religion


You were in the Dungeon.
You worshipped Trog.
Trog was most pleased with you.
You were not hungry.

You visited 1 branch

Inventory:

Hand Weapons
 a - a +0 hand axe
 j - a +2 hand axe (weapon)
Armour
 b - a +0 animal skin (worn)
Scrolls
 i - a scroll of blinking
 m - 3 scrolls of remove curse
 n - a scroll of summoning
Potions
 d - a potion of curing
 e - a potion of heal wounds
 f - a potion of haste
 g - 4 potions of magic
 h - 3 potions of berserk rage
 l - 2 potions of invisibility
Comestibles
 c - 9 rations
 k - 13 chunks of flesh


   Skills:
 + Level 4.7 Fighting
 + Level 3.9 Axes
 + Level 4.0 Armour
 + Level 3.0 Dodging


You had 2 spell levels left.
You didn't know any spells.
Your spell library was empty.

Dungeon Overview and Level Annotations

Branches:
Dungeon (1/1)

Altars:


Innate Abilities, Weirdness & Mutations

You are resistant to torment.
Your stone body is resilient. (AC +3)
You are immune to poison.
You resist negative energy. (rN+)
You are resistant to electric shocks. (rElec)
You can survive without breathing.
You are immune to petrification.
You are immune to rotting.


Message History

The black bear claws you but does no damage.
You slash the floating eye!
The floating eye is severely wounded.
You hit the black bear.
The floating eye gazes piercingly through you!
You suddenly lose the ability to move!
The black bear bites you. The black bear barely misses you.
The black bear claws you but does no damage.
The black bear bites you.
* * * LOW HITPOINT WARNING * * *
The black bear claws you but does no damage. x2
The floating eye seems to glare at you. The black bear bites you.
* * * LOW HITPOINT WARNING * * *
The black bear claws you but does no damage. x2
The black bear bites you.
* * * LOW HITPOINT WARNING * * *
The black bear claws you but does no damage.
The black bear claws you.
You die...

#...........'..........
#+#####'#####......#..#
#....÷# #..........
#.÷.÷.# ####'#####+
###÷### #.......#
#.....# #.......#
#.....# #.......#
####'##+###...<...#
#...@†...##.......#
#..G.h...##.......#
###########.......#
#########


You could see a black bear and a floating eye.

Vanquished Creatures
  A worker ant (D)
  A bat zombie (D)
  A giant cockroach (D)
  A goblin (D)
  4 jackals (D)
  A quokka (D)
  A rat (D)
10 creatures vanquished.

Notes
Turn   | Place    | Note
-------+----------+-------------------------------------------
     0 | D        | Fang the Gargoyle Berserker began the quest for the Orb.
     0 | D        | Reached XP level 1. HP: 14/14 MP: 1/1
    11 | D        | Noticed a worker ant
    22 | D        | Killed a worker ant
    22 | D        | Reached XP level 2. HP: 9/20 MP: 2/2
   228 | D        | Reached XP level 3. HP: 24/24 MP: 3/3
   230 | D        | Reached ** piety under Trog
   247 | D        | Reached *** piety under Trog
   403 | D        | Noticed a black bear
   403 | D        | Noticed a floating eye
   409 | D        | Paralysed by a floating eye for 4 turns
   412 | D        | HP: 1/24 [black bear (3)]
   412 | D        | Slain by a black bear

Skill      XL: |  1  2  3 |
---------------+----------+-----
Fighting       | 4 |  4.7
Axes           | 3 |  3.9
Armour         | 3 4 |  4.0
Dodging        | 2 3 |  3.0

Action                   || total
-------------------------++-------
Melee: Hand axe          ||    43
Armor: Animal skin       ||    34
Dodge: Dodged            ||    48
